 Dungeon Crawl Stone Soup version 0.31-a0-489-g282fc92437 (webtiles) character file.

Game seed: 14135151253847638960

71 Ethylacetat the Trooper (level 4, -4/24 HPs)
             Began as a Vine Stalker Monk on Aug 7, 2023.
             Slain by a gnoll
             ... wielding a +0 halberd
              (9 damage)
             ... on level 2 of the Dungeon.
             The game lasted 00:01:57 (1077 turns).

Ethylacetat the Trooper (Vine Stalker Monk)         Turns: 1077, Time: 00:01:58

Health: -4/24      AC:  6    Str: 15    XL:     4   Next: 24%
Magic:  0/8        EV: 13    Int: 10    God:
Gold:   106        SH:  0    Dex: 17    Spells: 7/7 levels left

rFire   . . .        a - +0 hand axe
rCold   . . .        d - orb {light}
rNeg    . . .        b - +0 robe
rPois   .            (no helmet)
rElec   .            (no cloak)
rCorr   +            (no gloves)
SInv    .            (no boots)
Will    .....        (no amulet)
Stlth   +            j - ring of resist corrosion
HPRegen 1.04/turn    m - +4 ring of protection
MPRegen 0.11/turn

%: guardian spirit
@: glowing
A: fangs 2, regeneration 1, magic shield, antimagic bite, no potion heal 2
a: no special abilities


You were on level 2 of the Dungeon.
You visited 1 branch of the dungeon, and saw 2 of its levels.

You collected 106 gold pieces.

Inventory:

Hand Weapons
 a - a +0 hand axe (weapon)
Armour
 b - a +0 robe (worn)
 d - an orb of light (worn)
Jewellery
 j - a ring of resist corrosion (left hand)
 m - a +4 ring of protection (right hand)
Scrolls
 f - a scroll of identify {unknown}
 g - a scroll of butterflies {unknown}
 i - 2 scrolls of teleportation {unknown}
 k - 2 scrolls of enchant armour {unknown}
 n - a scroll of amnesia {unknown}
Potions
 e - a potion of magic {unknown}
 h - a potion of brilliance {unknown}
 l - a potion of heal wounds {unknown}


   Skills:
 + Level 3.4 Fighting
 + Level 3.3 Axes
 - Level 2.4 Dodging
 + Level 2.0 Spellcasting


You had 7 spell levels left.
You didn't know any spells.
Your spell library contained the following spells:

 Spells                   Type           Power      Damage    Failure   Level
 Static Discharge         Conj/Air       2%         2-3/arc   43%         2
 Hailstorm                Conj/Ice       1%         3d3       67%         3
 Airstrike                Air            0%         2d(1-17)  97%         4
 Summon Ice Beast         Ice/Summ       1%         N/A       97%         4
 Summon Lightning Spire   Summ/Air       1%         N/A       97%         4
 Simulacrum               Ice/Necr       0%         N/A       100%        6


Dungeon Overview and Level Annotations

Branches:
Dungeon (2/15)

Altars:
Vehumet


Innate Abilities, Weirdness & Mutations

You have extremely sharp teeth.
Your natural rate of healing is unusually fast.
When hurt, damage is shared between your health and your magic reserves.
Your bite disrupts and absorbs the magic of your enemies.
Potions cannot restore your health.


Message History

Your system rejects the healing.
You feel invigorated. The gnoll barely misses you.
The gnoll closely misses you.
You hit the gnoll. You bite the gnoll. You drain its power.
You feel invigorated.
The gnoll is heavily wounded.
The gnoll closely misses you. The gnoll barely misses you.
The gnoll misses you.
The gnoll hits you from afar with a +0 halberd.
* * * LOW HITPOINT WARNING * * *
You hit the gnoll.
The gnoll is severely wounded.
The gnoll closely misses you. The gnoll hits you with a +0 club.
* * * LOW HITPOINT WARNING * * *
You barely miss the gnoll.
The gnoll is severely wounded.
The gnoll barely misses you. The gnoll hits you with a +0 club.
* * * LOW HITPOINT WARNING * * *
The worm barely misses you.
You hit the gnoll. Your bite misses the gnoll.
The gnoll is almost dead.
You hit the worm. The gnoll hits you with a +0 club.
You bump into the rock wall.
You feel less invigorated.
You feel less confused. The worm bites you.
* * * LOW HITPOINT WARNING * * *
The gnoll barely misses you.
You hit the gnoll.
You kill the gnoll!
You hit the worm but do no damage. The worm misses you.
Your Spellcasting skill increases to level 2!
You hit the kobold. You bite the kobold.
You kill the kobold!
You hit the worm. The gnoll hits you with a +0 halberd!
* * * LOW HITPOINT WARNING * * *
Items here: ))) ††.
You hit the gnoll.
The gnoll is heavily wounded.
You hit the worm. The gnoll hits you with a +0 halberd!
You die...

. ...## #######
#..(.#### .......
#.g@w####.......
####....#.......
###...!......
#.......w..
#..#######.._.......
#..................
###########.............
#.....# #.............
#.....# #.....#.....[.


You could see a worm and a gnoll.

Vanquished Creatures
  3 gnolls (D:2)
  An endoplasm (D:1)
  A giant cockroach (D:1)
  4 goblins
  3 hobgoblins (D:1)
  4 jackals (D:1)
  3 quokkas
  4 ball pythons
  7 bats
  2 frilled lizards (D:1)
  5 kobolds
  5 rats (D:1)
42 creatures vanquished.

Notes
Turn   | Place    | Note
-------+----------+-------------------------------------------
     0 | D:1      | Ethylacetat the Vine Stalker Monk began the quest for the
                  | Orb.
     0 | D:1      | Reached XP level 1. HP: 11/11 MP: 2/2
    99 | D:1      | Reached XP level 2. HP: 14/16 MP: 2/4
   159 | D:1      | Reached skill level 1 in Spellcasting
   326 | D:1      | Reached XP level 3. HP: 17/20 MP: 5/5
   910 | D:2      | Found a faded altar of an unknown god.
  1043 | D:2      | Found a radiant altar of Vehumet.
  1067 | D:2      | Gained mutation: Your natural rate of healing is unusually
                  | fast. [Vine Stalker growth]
  1067 | D:2      | Reached XP level 4. HP: 3/24 MP: 0/7
  1077 | D:2      | Slain by a gnoll

Illustrated notes

Levels and vault maps discovered:
D:1:      minmay_arrival_diagonal_passages, layout_loops_ring
D:2:      layout_rooms, basic_altar, ebering_ecumenical_altar_webs

Skill      XL: |  1  2  3  4 |
---------------+-------------+-----
Spellcasting   | 1 2 |  2.0
Fighting       | 3 |  3.4
Axes           | 3 |  3.3
Dodging        | |  2.4

Action                     |  1- 3 |  4- 6 || total
---------------------------+-------+-------++-------
  Melee: Hand axe          |    91 |     7 ||    98
         Bite              |    19 |     2 ||    21
    Use: Potion            |       |     1 ||     1
 Armour: Robe              |    21 |       ||    21
  Dodge: Dodged            |    71 |    10 ||    81

Table legend: (Time is in decaauts)
 A = Elapsed time spent in this place.
 B = Non-inter-level travel time spent in this place.
 C = Inter-level travel time spent in this place.
 D = Time resting spent in this place.
 E = Time spent auto-exploring this place.
 F = Levels seen in this place.
 G = Mean time per level.
                   A        B        C        D        E       F      G
               +--------+--------+--------+--------+--------+-----+--------+
         Total |   1090 |   1050 |     40 |      0 |    826 |   2 |  545.0 |
       Dungeon |   1090 |   1050 |     40 |      0 |    826 |   2 |  545.0 |
               +--------+--------+--------+--------+--------+-----+--------+

Top non-repeatable levels by time:
     D:1: 841 daAuts
     D:2: 248 daAuts
